 Dungeon Crawl Stone Soup version 0.32-a0-292-g751ec8d2e7 (webtiles) character file.

Game seed: 10972349650491528049

251 Kenran the Basher (level 5, 0/45 HPs)
             Began as a Minotaur Cinder Acolyte on Feb 14, 2024.
             Was a High Priest of Ignis.
             Slain by a killer bee (4 damage)
             ... on level 4 of the Dungeon.
             The game lasted 00:03:20 (1637 turns).

Kenran the Basher (Minotaur Cinder Acolyte)         Turns: 1637, Time: 00:03:21

Health: 0/45       AC:  5    Str: 19 (20) XL:     5   Next: 88%
Magic:  0/5        EV: 10    Int:  8 (11) God:    Ignis [*****.]
Gold:   111        SH:  0    Dex:  3 (6)  Spells: 6/6 levels left

rFire   + . .        o - +0 flail
rCold   . . .        (no shield)
rNeg    . . .        i - +0 ring mail
rPois   .            (helmet restricted)
rElec   .            (no cloak)
rCorr   .            (no gloves)
SInv    .            (no boots)
Will    .....        d - amulet of guardian spirit Stlth
                     p - ring of flight
HPRegen 0.27/turn    (no ring)
MPRegen 0.09/turn

%: guardian spirit
@: lethally poisoned (0 -> -8), flying
A: horns 2, retaliatory headbutt
a: Renounce Religion, Fiery Armour, Foxfire Swarm, Rising Flame


You were on level 4 of the Dungeon.
You worshipped Ignis.
Ignis was extremely pleased with you.
You visited 1 branch of the dungeon, and saw 5 of its levels.

You collected 111 gold pieces.

Inventory:

Hand Weapons
 h - a +1 mace of protection
 o - a +0 flail (weapon)
Armour
 i - a +0 ring mail (worn)
Jewellery
 d - an amulet of guardian spirit (around neck)
 p - a ring of flight (left hand)
Scrolls
 f - a scroll of vulnerability {unknown}
 g - 3 scrolls of fear
 j - a scroll of enchant armour {unknown}
 m - a scroll of identify {unknown}
 n - a scroll of teleportation {unknown}
Potions
 e - a potion of lignification {unknown}
 k - a potion of curing {unknown}
 l - a potion of magic {unknown}


   Skills:
 - Level 3.6 Fighting
 + Level 8.0 Maces & Flails
 - Level 1.0 Spellcasting
 - Level 2.1 Fire Magic


You had 6 spell levels left.
You didn't know any spells.
Your spell library contained the following spells:

 Spells                   Type           Power      Damage    Failure   Level
 Scorch                   Fire           6%         2d5       38%         2
 Sting                    Conj/Alch      0%         1d3       56%         1
 Cigotuvi's Dreadful Rot  Necr/Alch/Air  0%         N/A       71%         2
 Ensorcelled Hibernation  Hex/Ice        0%         N/A       71%         2
 Mercury Vapours          Alch/Air       0%         N/A       71%         2
 Fugue of the Fallen      Necr           0%         N/A       90%         3
 Anguish                  Hex/Necr       0%         N/A       100%        4
 Dispel Undead            Necr           0%         3d6       100%        4
 Martyr's Knell           Necr/Summ      0%         N/A       100%        4
 Olgreb's Toxic Radiance  Alch           0%         N/A       100%        4
 Death Channel            Necr           0%         N/A       100%        6


Dungeon Overview and Level Annotations

Branches:
Dungeon (5/15)
 Temple: D:4-7

Altars:
Gozag
Nemelex Xobeh
Zin


Innate Abilities, Weirdness & Mutations

You have a pair of horns on your head.
You reflexively headbutt those who attack you in melee.


Message History

The killer bee is severely wounded.
You feel sick.
The killer bee stings you but does no damage.
The killer bee misses you.
You miss the killer bee.
The killer bee is heavily wounded.
You feel sick.
Cornered, the killer bee turns to fight!
The killer bee stings you. x2
You are more poisoned.
The killer bee poisons you!
You closely miss the killer bee. Your headbutt misses the killer bee.
The killer bee is heavily wounded.
You feel very sick. The killer bee barely misses you. You furiously retaliate!
You headbutt the killer bee!
You kill the killer bee!
Your Maces & Flails skill increases to level 8!
You closely miss the killer bee. Your headbutt misses the killer bee.
You feel very sick. The killer bee misses you. The killer bee stings you.
You closely miss the killer bee.
You hear the slow hiss of a very distant avalanche of sand.
You feel sick. The killer bee stings you.
* * * LOW HITPOINT WARNING * * *
The killer bee closely misses you.
You reach down and close the door.
You feel sick. The killer bee barely misses you.
The killer bee closely misses you.
You miss the killer bee.
You feel sick. The killer bee stings you.
* * * LOW HITPOINT WARNING * * *
You are lethally poisoned!
The killer bee poisons you!
The killer bee stings you but does no damage.
It was a potion of degeneration.
There was something very wrong with that liquid.
You feel weakened.
You feel dopey.
You feel clumsy.
* * * LOW HITPOINT WARNING * * *
You feel sick. The killer bee stings you!
You die...
Ignis goes out, and joins you in death.

#.............
#.............
#.............
+.....[y......
#.........## #.........#
#.........#
######.........#
+...@+.........#
#...y#.........#
#....#...........
#....#.......^....
##...#.........!..
#####............
#########...'...........
#...........#.>.....###
#...........#..†....#


You could see a killer bee.

Vanquished Creatures
  A phantom (D:5)
  A killer bee (D:4)
  3 gnolls (D:2)
  An adder (D:2)
  4 dart slugs
  10 ball pythons
  6 bats
  4 endoplasms
  2 giant cockroaches
  A goblin (D:2)
  7 hobgoblins
  A quokka (D:1)
  5 kobolds
  5 rats
51 creatures vanquished.

Notes
Turn   | Place    | Note
-------+----------+-------------------------------------------
     0 | D:1      | Kenran the Minotaur Cinder Acolyte began the quest for the
                  | Orb.
     0 | D:1      | Reached XP level 1. HP: 19/19 MP: 1/1
   140 | D:1      | Reached skill level 4 in Maces & Flails
   240 | D:1      | Reached XP level 2. HP: 26/26 MP: 2/2
   325 | D:1      | Found a faded altar of an unknown god.
   504 | D:1      | Reached skill level 5 in Maces & Flails
   568 | D:1      | Reached XP level 3. HP: 31/31 MP: 3/3
  1073 | D:2      | Reached XP level 4. HP: 35/39 MP: 4/4
  1109 | D:2      | Found a glowing silver altar of Zin.
  1119 | D:2      | Reached skill level 6 in Maces & Flails
  1335 | D:3      | You are sucked into a shaft and drop 2 floors!
  1335 | D:5      | Entered Level 5 of the Dungeon
  1335 | D:5      | Found a sparkling altar of Nemelex Xobeh.
  1335 | D:5      | Found an opulent altar of Gozag.
  1352 | D:5      | Noticed a phantom
  1389 | D:5      | Killed a phantom
  1390 | D:5      | Reached skill level 7 in Maces & Flails
  1390 | D:5      | Reached XP level 5. HP: 3/45 MP: 1/5
  1633 | D:4      | Reached skill level 8 in Maces & Flails
  1637 | D:4      | Slain by a killer bee

Illustrated notes

Levels and vault maps discovered:
D:1:      lightli_arrival_farm, layout_basic, ebering_ecumenical_altar_rust
D:2:      layout_rooms, serial_curves, eino_curves_04, eino_curves_04,
          basic_altar
D:3:      layout_basic
D:4:      layout_gridville, enter_ossuary_3
D:5:      layout_gridville, grunt_temple_overflow_opulence,
          minmay_temple_entry_large_hall

Skill      XL: |  1  2  3  4  5 |
---------------+----------------+-----
Maces & Flails | 4 5 7 8 |  8.0
Fighting       | |  3.6
Spellcasting   | |  1.0
Fire Magic     | |  2.1

Action                     |  1- 3 |  4- 6 || total
---------------------------+-------+-------++-------
  Melee: Mace              |    75 |    21 ||    96
         Headbutt          |     5 |     6 ||    11
         Flail             |       |    40 ||    40
    Use: Potion            |       |     2 ||     2
         Scroll            |       |     1 ||     1
 Armour: Robe              |    37 |       ||    37
         Ring mail         |    36 |    50 ||    86
  Dodge: Dodged            |    34 |    33 ||    67

Table legend: (Time is in decaauts)
 A = Elapsed time spent in this place.
 B = Non-inter-level travel time spent in this place.
 C = Inter-level travel time spent in this place.
 D = Time resting spent in this place.
 E = Time spent auto-exploring this place.
 F = Levels seen in this place.
 G = Mean time per level.
                   A        B        C        D        E       F      G
               +--------+--------+--------+--------+--------+-----+--------+
         Total |   1664 |   1654 |     10 |    303 |    928 |   5 |  332.8 |
       Dungeon |   1664 |   1654 |     10 |    303 |    928 |   5 |  332.8 |
               +--------+--------+--------+--------+--------+-----+--------+

Top non-repeatable levels by time:
     D:1: 857 daAuts
     D:2: 502 daAuts
     D:5: 250 daAuts
     D:4: 52 daAuts
     D:3: 1 daAuts
